 Dungeon Crawl Stone Soup version 0.24-a0-274-gb3763e6d51 (webtiles) character file.

Game seed: 13956692080957776542

40 HAL9000 the Sneak (level 3, -7/18 HPs)
             Began as a Vine Stalker Assassin on Apr 26, 2019.
             Killed by nerve-wracking pain
             ... invoked by Jessica
              (10 damage)
             ... on level 2 of the Dungeon.
             The game lasted 00:02:00 (1230 turns).

HAL9000 the Sneak (Vine Stalker Assassin)           Turns: 1230, Time: 00:02:01

Health: -7/18      AC:  1    Str: 11    XL:     3   Next: 50%
Magic:  0/4        EV: 11    Int: 11    God:
Gold:   55         SH:  0    Dex: 15    Spells: 2/2 levels left

rFire    . . .     SeeInvis .   a - +2 dagger
rCold    . . .     Gourm    .   (no shield)
rNeg     . . .     Faith    .   j - -2 robe (curse)
rPois    .         Spirit   +   (no helmet)
rElec    .         Reflect  .   d - +0 cloak
rCorr    .         Harm     .   (no gloves)
MR       .....                  (no boots)
Stlth    +++.......             (no amulet)
HPRegen  0.06/turn              i - -3 ring of strength (curse)
MPRegen  0.09/turn              (no ring)

@: no status effects
A: fangs 2, magic shield, antimagic bite, no potion heal 3, rot immunity
a: no special abilities


You were on level 2 of the Dungeon.
You were hungry.

You visited 1 branch of the dungeon, and saw 2 of its levels.

You collected 55 gold pieces.

Inventory:

Hand Weapons
 a - a +2 dagger (weapon)
 b - a +0 blowgun
Missiles
 e - 22 poisoned needles
 f - 2 curare-tipped needles
Armour
 c - a +0 robe
 d - a +0 cloak (worn)
 j - a cursed -2 robe (worn)
Jewellery
 i - a cursed -3 ring of strength (left hand)
Scrolls
 h - 3 scrolls of identify
Potions
 l - a potion of curing
 m - a potion of degeneration {unknown}
 n - a potion of flight {unknown}
Comestibles
 g - 2 rations


   Skills:
 - Level 1.7 Fighting
 + Level 2.1 Short Blades
 - Level 1.7 Throwing
 - Level 0.7 Dodging
 + Level 6.2 Stealth


You had 2 spell levels left.
You didn't know any spells.
Your spell library was empty.

Dungeon Overview and Level Annotations

Branches:
Dungeon (2/15)

Altars:

Annotations:
D:2 Jessica


Innate Abilities, Weirdness & Mutations

You have extremely sharp teeth.
When hurt, damage is shared between your health and your magic reserves.
Your bite disrupts and absorbs the magic of your enemies.
Potions cannot restore your health.
You are immune to rotting.


Message History

Jessica completely misses you.
You hit Jessica but do no damage. Your bite misses Jessica. Jessica hits you.
* * * LOW HITPOINT WARNING * * *
Unknown command.
You hit Jessica. You bite Jessica, but do no damage.
Jessica is moderately wounded.
Jessica barely misses you. Jessica misses you.
You barely miss Jessica.
Jessica is moderately wounded.
Jessica hits you.
* * * LOW HITPOINT WARNING * * *
You closely miss Jessica. You bite Jessica, but do no damage.
Jessica is moderately wounded.
Jessica barely misses you.
You hit Jessica.
Jessica is severely wounded.
Jessica gestures at you while chanting. Pain shoots through your body!
Ouch! That really hurt!
You die...

###....... #..#.#
#......... ##.#.#
#........ ###.#.#
#..$... #.....#
#########....#
###.....#
.........†...#
#........
.............#
#........
...........@)#
#........
...........#@##
#........
.......$...#..#
#......>.
........)..#♣.♣♣♣
#........
############♣♣..♣♣
#.♣♣.♣... ♣♣..♣
#♣P♣.♣♣.. ♣♣P..♣
♣..P♣.♣♣ ♣P.♣♣♣##
♣.P.♣P.♣
♣.♣♣♣♣.♣♣♣♣..P.P♣
♣♣..♣♣.♣.♣P....P♣


You could see Jessica.

Vanquished Creatures
  3 dart slugs (D:1)
  A leopard gecko (D:1)
  6 bats
  3 giant cockroaches
  3 goblins
  5 hobgoblins
  6 frilled lizards
  3 kobolds
  3 rats
33 creatures vanquished.

Notes
Turn   | Place    | Note
-------+----------+-------------------------------------------
     0 | D:1      | HAL9000 the Vine Stalker Assassin began the quest for the
                  | Orb.
     0 | D:1      | Reached XP level 1. HP: 11/11 MP: 2/2
   117 | D:1      | Reached skill level 5 in Stealth
   221 | D:1      | Reached XP level 2. HP: 11/15 MP: 3/3
   814 | D:1      | Reached XP level 3. HP: 18/18 MP: 4/4
   843 | D:1      | Reached skill level 6 in Stealth
  1204 | D:2      | Noticed Jessica
  1230 | D:2      | Killed from afar by Jessica

Levels and vault maps discovered:
D:1:      dpeg_arrival_water_fire, layout_basic
D:2:      layout_basic, serial_forest, infiniplex_forest_clump_C,
          infiniplex_forest_straight_2, infiniplex_forest_3_way,
          infiniplex_forest_zigzag_2, infiniplex_forest_lined_1,
          infiniplex_forest_lined_1, infiniplex_forest_clump_diagonal,
          uniq_jessica

Skill      XL: |  1  2  3 |
---------------+----------+-----
Stealth        | 5 6 |  6.2
Short Blades   | 2 |  2.1
Fighting       | |  1.7
Throwing       | |  1.7
Dodging        | |  0.7

Action                   || total
-------------------------++-------
Melee: Dagger            ||    70
       Bite              ||    14
  Use: Scroll            ||     3
 Stab: Sleeping          ||    12
Armor: Robe              ||    26
Dodge: Dodged            ||    47

Table legend:
 A = Non-vault XP
 B = Vault XP
 C = Vault XP percentage of total XP
 D = Non-vault monster count
 E = Vault monster count
 F = Vault count percentage of total count
                 A         B        C        D         E       F
            +---------+---------+-------+---------+---------+-------
      Total |      58 |       0 |   0.0 |      33 |       0 |   0.0
            +---------+---------+-------+---------+---------+-------
        D:1 |      47 |       0 |   0.0 |      25 |       0 |   0.0
        D:2 |      11 |       0 |   0.0 |       8 |       0 |   0.0
            +---------+---------+-------+---------+---------+-------
